 Dungeon Crawl Stone Soup version 0.23.0 (webtiles) character file.

Game seed: 6592067278108622272

508 Peloso the Slasher (level 6, -5/56 HPs)
             Began as a Minotaur Fighter on Feb 8, 2019.
             Slain by a sky beast (6 damage)
             ... on level 5 of the Dungeon.
             The game lasted 00:09:25 (2956 turns).

Peloso the Slasher (Minotaur Fighter)               Turns: 2956, Time: 00:09:25

Health: -5/56      AC: 11    Str: 21    XL:     6   Next: 98%
Magic:  5/5        EV:  6    Int:  5    God:
Gold:   183        SH: 10    Dex: 11    Spells: 5/5 levels left

rFire    . . .     SeeInvis .   a - +0 long sword
rCold    . . .     Gourm    .   c - +0 shield
rNeg     . . .     Faith    +   l - +0 chain mail
rPois    .         Spirit   .   (helmet restricted)
rElec    .         Reflect  .   n - +0 cloak
rCorr    .         Harm     .   (no gloves)
MR       .....                  (no boots)
Stlth    ..........             h - amulet of faith
HPRegen  0.18/turn              (no ring)
MPRegen  0.09/turn              (no ring)

@: no status effects
A: retaliatory headbutt, horns 2
a: no special abilities


You were on level 5 of the Dungeon.
You were not hungry.

You visited 1 branch of the dungeon, and saw 5 of its levels.

You collected 183 gold pieces.

Inventory:

Hand Weapons
 a - a +0 long sword (weapon)
Armour
 b - a +0 scale mail
 c - a +0 shield (worn)
 l - a +0 chain mail (worn)
 n - a +0 cloak (worn)
Jewellery
 h - an amulet of faith (around neck)
 u - an uncursed ring of wizardry {unknown}
Scrolls
 g - a scroll of amnesia {unknown}
 i - 2 scrolls of remove curse
 j - 2 scrolls of identify {unknown}
 o - a scroll of immolation {unknown}
 p - a scroll of magic mapping {unknown}
 q - 2 scrolls of enchant armour {unknown}
 s - a scroll of teleportation
Potions
 d - a potion of might
 e - 2 potions of curing {unknown}
 k - a potion of heal wounds {unknown}
 m - 2 potions of flight {unknown}
 t - a potion of lignification {unknown}
Comestibles
 f - 5 rations
 r - a chunk of flesh


   Skills:
 + Level 5.0 Fighting
 + Level 5.7 Long Blades
 + Level 5.3 Armour
 + Level 1.7 Dodging
 + Level 5.4 Shields


You had 5 spell levels left.
You didn't know any spells.
Your spell library was empty.

Dungeon Overview and Level Annotations

Branches:
Dungeon (5/15)
 Temple: D:4-7

Altars:
Hepliaklqana

Annotations:
D:5 Menkaure


Innate Abilities, Weirdness & Mutations

You reflexively headbutt those who attack you in melee.
You have a pair of horns on your head.


Message History

Menkaure is moderately damaged.
Menkaure hits you!
* * * LOW HITPOINT WARNING * * *
Unknown command.
You hit Menkaure. You headbutt Menkaure!
Menkaure is almost destroyed.
Menkaure calls on the powers of darkness!
The sky beast convulses!
Your body is wracked with pain!
* * * LOW HITPOINT WARNING * * *
Menkaure calls on the powers of darkness!
The sky beast convulses!
You feel a surge of unholy energy.
Unknown command.
You hit Menkaure but do no damage.
Menkaure is almost destroyed.
The sky beast flickers out of sight!
Deactivating autopickup; reactivate with Ctrl-A.
Something hits you.
* * * LOW HITPOINT WARNING * * *
Something shocks you.
You die...

...######
......{M# #@#
#.# #.#
#####.#######
#..<........#
#.###.#####..
###.###.###
.......†..#
###.###.#.#


You could see Menkaure.

Vanquished Creatures
  A scorpion (D:4)
  A crimson imp (D:3)
  A hound (D:4)
  An orc priest (D:4)
  3 orc wizards
  2 worker ants
  A hound skeleton (D:4)
  10 adders
  A shadow imp (D:4)
  2 oozes
  A worm (D:2)
  4 dart slugs
  3 leopard geckos
  11 orcs
  3 ball pythons
  4 giant cockroaches
  5 goblins
  5 hobgoblins
  4 jackals (D:1)
  5 quokkas
  10 bats
  5 frilled lizards
  A jackal skeleton (D:4)
  10 kobolds
  A leopard gecko skeleton (D:4)
  10 rats
105 creatures vanquished.

Notes
Turn   | Place    | Note
-------+----------+-------------------------------------------
     0 | D:1      | Peloso the Minotaur Fighter began the quest for the Orb.
     0 | D:1      | Reached XP level 1. HP: 19/19 MP: 0/0
    60 | D:1      | Reached XP level 2. HP: 21/27 MP: 1/1
   298 | D:1      | Reached XP level 3. HP: 30/33 MP: 2/2
   889 | D:2      | Reached skill level 1 in Dodging
   909 | D:2      | Reached XP level 4. HP: 23/41 MP: 3/3
  1193 | D:2      | Found a hazy altar of Hepliaklqana.
  1566 | D:3      | Upgraded the game from 0.23-b1-86-gba62f8e092 to 0.23.0
  1757 | D:2      | Reached XP level 5. HP: 46/47 MP: 4/4
  1877 | D:3      | Reached skill level 5 in Armour
  2446 | D:4      | Reached XP level 6. HP: 38/53 MP: 5/5
  2508 | D:4      | Reached skill level 5 in Shields
  2582 | D:4      | Reached skill level 5 in Long Blades
  2914 | D:5      | Entered Level 5 of the Dungeon
  2940 | D:5      | Noticed Menkaure
  2950 | D:5      | Reached skill level 5 in Fighting
  2952 | D:5      | Noticed a sky beast
  2956 | D:5      | HP: 1/56 [something (2)]
  2956 | D:5      | Slain by a sky beast

Skill      XL: |  1  2  3  4  5  6 |
---------------+-------------------+-----
Fighting       | 4 5 |  5.0
Armour         | 4 5 |  5.3
Shields        | 4 5 |  5.4
Long Blades    | 3 4 5 |  5.7
Dodging        | 1 |  1.7

Action                   |  1- 3 |  4- 6 || total
-------------------------+-------+-------++-------
Melee: Long sword        |    97 |   208 ||   305
       Headbutt          |    10 |    53 ||    63
  Use: Scroll            |       |     2 ||     2
  Eat: Chunk             |       |     7 ||     7
Armor: Scale mail        |    59 |     3 ||    62
       Chain mail        |       |   123 ||   123
Dodge: Dodged            |    43 |    58 ||   101
Block: Shield            |    81 |   120 ||   201
       Rpst.: Long sword |    10 |    17 ||    27
